NCAA
GEORGETOWN HOYAS @ WAKE FOREST DEMON DEACONS
04/16/2026
 
TOP OF THE 1ST
Georgetown Hoyas batting - Pitching for Wake Forest Demon Deacons : RHP Keith Hill
Pitching: RHP Keith Hill
Batting: RHB Bob Lee 0-0: Called Strike
0-1: Foul Ball, location: 2F
0-2: Foul Ball, location: 2F
0-2: SINGLE (Line Drive, 8LS)
Batting: LHB Chris Smith 0-0: Ball
1-0: Ball
2-0: Ball
3-0: Base on Balls
Bob Lee to second
Batting: RHB Hubert MacDonald 0-0: Foul Ball, location: 2F
0-1: Swinging Strike
0-2: Foul Ball, location: 2F
0-2: Ball
1-2: Strikes out swinging
Batting: LHB Ken Bullard 0-0: Ball
Bob Lee steals 3rd base
Chris Smith to second
1-0: Ball
2-0: Ground out 6-3 (Groundball, 6)
Bob Lee scores
Chris Smith to third
Batting: RHB Glenn Rojas 0-0: Ball
1-0: Fly out, F4 (Popup, 34D)
Top of the 1st over - 1 run(s), 1 hit(s), 0 error(s), 1 left on base; Georgetown 1 - Wake Forest 0
BOTTOM OF THE 1ST
Wake Forest Demon Deacons batting - Pitching for Georgetown Hoyas : RHP Alejandro Palácios
Pitching: RHP Alejandro Palácios
Batting: RHB Daniel Dillard 0-0: Reached on error, E5 (Groundball, 5L)
Batting: RHB Ed Hamilton 0-0: Called Strike
0-1: Ball
1-1: Ball
2-1: Ground out U3 (Groundball, 3S)
Daniel Dillard to third
Batting: RHB Ronald Spencer 0-0: Called Strike
0-1: Called Strike
0-2: Foul Ball, location: 2F
0-2: Ball
1-2: Ball
2-2: Foul Ball, location: 2F
2-2: Fly out, F9 (Flyball, 89S)
Batting: RHB Ray Foley 0-0: Called Strike
0-1: Foul Ball, location: 2F
0-2: Foul Ball, location: 2F
0-2: Ball
1-2: Foul Ball, location: 2F
1-2: Ball
2-2: Fly out, F9 (Flyball, 89S)
Bottom of the 1st over - 0 run(s), 0 hit(s), 1 error(s), 1 left on base; Georgetown 1 - Wake Forest 0
TOP OF THE 2ND
Georgetown Hoyas batting - Pitching for Wake Forest Demon Deacons : RHP Keith Hill
Batting: RHB Brian Harvey 0-0: Ball
1-0: Called Strike
1-1: Foul Ball, location: 2F
1-2: Ball
2-2: Ball
3-2: Strikes out swinging
Batting: SHB Chris Young 0-0: Foul Ball, location: 2F
0-1: Foul Ball, location: 2F
0-2: Ball
1-2: Foul Ball, location: 2F
1-2: Foul Ball, location: 2F
1-2: Ball
2-2: DOUBLE (Line Drive, 3)
Batting: LHB Robinson Ordóñez 0-0: DOUBLE (Flyball, 7LD)
Chris Young scores
Batting: LHB Preston Leach 0-0: Called Strike
0-1: Ground out 4-3 (Groundball, 4)
Robinson Ordóñez to third
Batting: RHB Bob Lee 0-0: Ball
1-0: Called Strike
1-1: Swinging Strike
1-2: Strikes out swinging
Top of the 2nd over - 1 run(s), 2 hit(s), 0 error(s), 1 left on base; Georgetown 2 - Wake Forest 0
BOTTOM OF THE 2ND
Wake Forest Demon Deacons batting - Pitching for Georgetown Hoyas : RHP Alejandro Palácios
Batting: LHB Michael Edwards 0-0: Fly out, F8 (Flyball, 8LD)
Batting: SHB Dave Bell 0-0: Called Strike
0-1: Fly out, F7 (Flyball, 7D)
Batting: LHB Barry Pierce 0-0: Ball
1-0: Ground out 4-3 (Groundball, 34)
Bottom of the 2nd over - 0 run(s), 0 hit(s), 0 error(s), 0 left on base; Georgetown 2 - Wake Forest 0
TOP OF THE 3RD
Georgetown Hoyas batting - Pitching for Wake Forest Demon Deacons : RHP Keith Hill
Batting: LHB Chris Smith 0-0: Ball
1-0: SINGLE (Groundball, 56D)
Batting: RHB Hubert MacDonald 0-0: Called Strike
0-1: Foul Ball, location: 2F
0-2: Ball
1-2: 2-RUN HOME RUN (Flyball, 78XD), Distance : 370 ft
Batting: LHB Ken Bullard 0-0: Ball
1-0: Foul Ball, location: 2F
1-1: Swinging Strike
1-2: Ball
2-2: Ball
3-2: Strikes out swinging
Batting: RHB Glenn Rojas 0-0: Swinging Strike
0-1: Ball
1-1: Ball
2-1: Ball
3-1: Called Strike
3-2: Strikes out swinging, 2-3 out at first.
Batting: RHB Brian Harvey 0-0: Ball
1-0: Ball
2-0: SINGLE (Groundball, 56)
Batting: SHB Chris Young 0-0: Swinging Strike
0-1: Ball
1-1: Foul Ball, location: 2F
1-2: Strikes out swinging
Top of the 3rd over - 2 run(s), 3 hit(s), 0 error(s), 1 left on base; Georgetown 4 - Wake Forest 0
BOTTOM OF THE 3RD
Wake Forest Demon Deacons batting - Pitching for Georgetown Hoyas : RHP Alejandro Palácios
Batting: RHB Leonard Conway 0-0: Ball
1-0: Ball
2-0: Ground out 4-3 (Groundball, 4M)
Batting: RHB Alan Thomas 0-0: Ball
1-0: Foul Ball, location: 2F
1-1: Called Strike
1-2: Ball
2-2: Foul Ball, location: 2F
2-2: Ball
3-2: Base on Balls
Batting: RHB Daniel Dillard 0-0: Ball
1-0: Swinging Strike
1-1: Ball
2-1: Ball
3-1: SINGLE (Line Drive, 8LS)
Alan Thomas to second
Batting: RHB Ed Hamilton 0-0: Ball
1-0: Grounds into double play, 6-4-3 (Groundball, 6D)
Bottom of the 3rd over - 0 run(s), 1 hit(s), 0 error(s), 1 left on base; Georgetown 4 - Wake Forest 0
TOP OF THE 4TH
Georgetown Hoyas batting - Pitching for Wake Forest Demon Deacons : RHP Keith Hill
Batting: LHB Robinson Ordóñez 0-0: Foul Ball, location: 2F
0-1: Called Strike
0-2: Ball
1-2: Foul Ball, location: 2F
1-2: Ball
2-2: Strikes out swinging
Batting: LHB Preston Leach 0-0: Called Strike
0-1: Foul Ball, location: 2F
0-2: SINGLE (Line Drive, 56D)
Batting: RHB Bob Lee 0-0: Ball
1-0: Called Strike
1-1: Ground out 4-3 (Groundball, 4M)
Preston Leach to second
Batting: LHB Chris Smith 0-0: Ground out 6-3 (Groundball, 6M)
Top of the 4th over - 0 run(s), 1 hit(s), 0 error(s), 1 left on base; Georgetown 4 - Wake Forest 0
BOTTOM OF THE 4TH
Wake Forest Demon Deacons batting - Pitching for Georgetown Hoyas : RHP Alejandro Palácios
Batting: RHB Ronald Spencer 0-0: Ball
1-0: Ball
2-0: Called Strike
2-1: Ground out 6-3 (Groundball, 6)
Batting: RHB Ray Foley 0-0: Foul Ball, location: 2F
0-1: Swinging Strike
0-2: Strikes out swinging
Batting: LHB Michael Edwards 0-0: Foul Ball, location: 2F
0-1: Called Strike
0-2: Foul Ball, location: 2F
0-2: Ball
1-2: Foul Ball, location: 2F
1-2: Foul Ball, location: 2F
1-2: Ball
2-2: Strikes out looking
Bottom of the 4th over - 0 run(s), 0 hit(s), 0 error(s), 0 left on base; Georgetown 4 - Wake Forest 0
TOP OF THE 5TH
Georgetown Hoyas batting - Pitching for Wake Forest Demon Deacons : RHP Keith Hill
Batting: RHB Hubert MacDonald 0-0: Foul Ball, location: 2F
0-1: Foul Ball, location: 2F
0-2: Ball
1-2: Ball
2-2: SINGLE (Line Drive, 7LM)
Pitching: RHP Bill Hudson
Batting: LHB Ken Bullard 0-0: Ball
1-0: Foul Ball, location: 2F
1-1: Foul Ball, location: 2F
1-2: Strikes out swinging
Batting: RHB Glenn Rojas 0-0: Called Strike
0-1: Reached on error, E4 (Groundball, 4M)
Hubert MacDonald to third
Batting: RHB Brian Harvey 0-0: Intentional Walk
Batting: SHB Chris Young 0-0: Swinging Strike
0-1: SINGLE (Line Drive, 78S)
Hubert MacDonald scores
Glenn Rojas to third
Brian Harvey to second
Runner from 3rd tries for Home, SAFE, throw made home
Batting: LHB Robinson Ordóñez 0-0: Hit by Pitch
Brian Harvey to third
Chris Young to second
Batting: LHB Preston Leach 0-0: SINGLE (Groundball, 56)
Brian Harvey scores
Chris Young to third
Robinson Ordóñez to second
Runner from 3rd tries for Home, SAFE, throw made home
Batting: RHB Bob Lee 0-0: Grounds into double play, 4-6-3 (Groundball, 4)
Top of the 5th over - 4 run(s), 3 hit(s), 1 error(s), 1 left on base; Georgetown 8 - Wake Forest 0
BOTTOM OF THE 5TH
Wake Forest Demon Deacons batting - Pitching for Georgetown Hoyas : RHP Alejandro Palácios
Batting: SHB Dave Bell 0-0: Ball
1-0: Ground out 1-3 (Groundball, 15)
Batting: LHB Barry Pierce 0-0: Called Strike
0-1: Foul Ball, location: 2F
0-2: DOUBLE (Line Drive, 9D)
Batting: RHB Leonard Conway 0-0: Ball
1-0: Swinging Strike
1-1: Swinging Strike
1-2: Ball
2-2: Foul Ball, location: 2F
2-2: Strikes out swinging
Batting: RHB Alan Thomas 0-0: Foul Ball, location: 2F
0-1: Ball
1-1: Ball
2-1: Ball
3-1: Base on Balls
Batting: RHB Daniel Dillard 0-0: Called Strike
0-1: SINGLE (Groundball, 6MD)
Barry Pierce to third
Alan Thomas to second
Runner from 3rd tries for Home, SAFE, no throw or cutoff
Batting: RHB Ed Hamilton 0-0: Ball
1-0: Called Strike
1-1: Called Strike
1-2: Strikes out swinging
Bottom of the 5th over - 1 run(s), 2 hit(s), 0 error(s), 2 left on base; Georgetown 8 - Wake Forest 1
TOP OF THE 6TH
Georgetown Hoyas batting - Pitching for Wake Forest Demon Deacons : RHP Bill Hudson
Batting: LHB Chris Smith 0-0: Called Strike
0-1: Ball
1-1: Swinging Strike
1-2: Foul Ball, location: 2F
1-2: Strikes out looking
Batting: RHB Hubert MacDonald 0-0: Called Strike
0-1: Ball
1-1: Foul Ball, location: 2F
1-2: Foul Ball, location: 2F
1-2: Ball
2-2: Foul Ball, location: 2F
2-2: Foul Ball, location: 2F
2-2: SINGLE (Flyball, 89S)
Batting: LHB Ken Bullard 0-0: Ball
1-0: Foul Ball, location: 2F
1-1: Ball
2-1: Ball
3-1: Base on Balls
Hubert MacDonald to second
Batting: RHB Glenn Rojas 0-0: Ball
1-0: Called Strike
1-1: Called Strike
1-2: Strikes out looking
Batting: RHB Brian Harvey 0-0: Called Strike
0-1: Ball
1-1: Foul Ball, location: 2F
1-2: Strikes out looking
Top of the 6th over - 0 run(s), 1 hit(s), 0 error(s), 2 left on base; Georgetown 8 - Wake Forest 1
BOTTOM OF THE 6TH
Wake Forest Demon Deacons batting - Pitching for Georgetown Hoyas : RHP Alejandro Palácios
Batting: RHB Ronald Spencer 0-0: SINGLE (Line Drive, 4M)
Batting: RHB Ray Foley 0-0: Called Strike
0-1: SINGLE (Groundball, 5D)
Ronald Spencer to second
Pitching: LHP Joseph Elliott
Batting: LHB Michael Edwards 0-0: Called Strike
0-1: Ball
1-1: Called Strike
1-2: Strikes out looking
Batting: SHB Dave Bell 0-0: Ball
1-0: Called Strike
1-1: SINGLE (Line Drive, 56)
Ronald Spencer to third
Ray Foley to second
Runner from 3rd tries for Home, SAFE, throw made at trailing runner, SAFE at third!
Batting: LHB Barry Pierce 0-0: Fly out, F6 (Popup, 8LS)
Batting: RHB Leonard Conway 0-0: Ball
1-0: SINGLE (Groundball, 6)
Ray Foley scores
Dave Bell to second
Batting: RHB Alan Thomas 0-0: Foul Ball, location: 2F
0-1: Swinging Strike
0-2: Fly out, F9 (Flyball, 89M)
Bottom of the 6th over - 2 run(s), 4 hit(s), 0 error(s), 2 left on base; Georgetown 8 - Wake Forest 3
TOP OF THE 7TH
Georgetown Hoyas batting - Pitching for Wake Forest Demon Deacons : RHP Bill Hudson
Pitching: LHP Mike Hill
Batting: SHB Chris Young 0-0: Foul Ball, location: 2F
0-1: Ball
1-1: Fly out, F7 (Flyball, 7M)
Batting: LHB Robinson Ordóñez 0-0: Swinging Strike
0-1: Fly out, F3 (Popup, 34)
Batting: LHB Preston Leach 0-0: Foul Ball, location: 2F
0-1: Ball
1-1: Ball
2-1: Ball
3-1: SINGLE (Flyball, 8LS)
Batting: RHB Bob Lee 0-0: Called Strike
0-1: Ball
1-1: Ground out 1-3 (Groundball, 15S)
Top of the 7th over - 0 run(s), 1 hit(s), 0 error(s), 1 left on base; Georgetown 8 - Wake Forest 3
BOTTOM OF THE 7TH
Wake Forest Demon Deacons batting - Pitching for Georgetown Hoyas : LHP Joseph Elliott
Batting: RHB Daniel Dillard 0-0: Called Strike
0-1: Ball
1-1: Ball
2-1: Called Strike
2-2: Strikes out swinging
Batting: RHB Ed Hamilton 0-0: Called Strike
0-1: Swinging Strike
0-2: Ball
1-2: Ball
2-2: Ball
3-2: Base on Balls
Batting: RHB Ronald Spencer 0-0: Swinging Strike
0-1: Swinging Strike
0-2: Foul Ball, location: 2F
0-2: Strikes out looking
Pitching: RHP Kyle O'Brien
Batting: RHB Ray Foley 0-0: Ball
1-0: Ball
2-0: Foul Ball, location: 2F
2-1: Ground out 4-3 (Groundball, 4)
Bottom of the 7th over - 0 run(s), 0 hit(s), 0 error(s), 1 left on base; Georgetown 8 - Wake Forest 3
TOP OF THE 8TH
Georgetown Hoyas batting - Pitching for Wake Forest Demon Deacons : LHP Mike Hill
Batting: LHB Chris Smith 0-0: Called Strike
0-1: Ball
1-1: Ball
2-1: SINGLE (Line Drive, 6)
Batting: RHB Hubert MacDonald 0-0: Ball
1-0: Called Strike
Chris Smith is caught stealing 2nd base
1-1: Fly out, F8 (Flyball, 8RM)
Batting: LHB Ken Bullard 0-0: Ball
1-0: Called Strike
1-1: Called Strike
1-2: Strikes out swinging
Top of the 8th over - 0 run(s), 1 hit(s), 0 error(s), 0 left on base; Georgetown 8 - Wake Forest 3
BOTTOM OF THE 8TH
Wake Forest Demon Deacons batting - Pitching for Georgetown Hoyas : RHP Kyle O'Brien
Batting: LHB Michael Edwards 0-0: Ground out 1-3 (Groundball, 13)
Batting: SHB Dave Bell 0-0: Called Strike
0-1: Ball
1-1: Swinging Strike
1-2: Ball
2-2: Strikes out looking
Batting: LHB Barry Pierce 0-0: Swinging Strike
0-1: Ball
1-1: Called Strike
1-2: Ball
2-2: Ball
3-2: Base on Balls
Batting: RHB Leonard Conway 0-0: Ball
1-0: Called Strike
1-1: Ball
2-1: Foul Ball, location: 2F
2-2: DOUBLE (Flyball, 89M)
Barry Pierce to third
Pitching: RHP Brandon Lee
Batting: RHB Alan Thomas 0-0: Foul Ball, location: 2F
0-1: Ball
1-1: Fly out, F9 (Flyball, 9M)
Bottom of the 8th over - 0 run(s), 1 hit(s), 0 error(s), 2 left on base; Georgetown 8 - Wake Forest 3
TOP OF THE 9TH
Georgetown Hoyas batting - Pitching for Wake Forest Demon Deacons : LHP Mike Hill
Pitching: RHP Rob Cline
Batting: RHB Glenn Rojas 0-0: Called Strike
0-1: Called Strike
0-2: Ball
1-2: Ball
2-2: Foul Ball, location: 2F
2-2: Foul Ball, location: 2F
2-2: Foul Ball, location: 2F
2-2: Strikes out swinging
Batting: RHB Brian Harvey 0-0: Called Strike
0-1: Hit by Pitch
Batting: SHB Chris Young 0-0: 2-RUN HOME RUN (Flyball, 89XD), Distance : 372 ft
Pitching: RHP Steve Beck
Batting: LHB Robinson Ordóñez 0-0: Ball
1-0: SINGLE (Groundball, 4MD)
Batting: LHB Preston Leach 0-0: Ball
1-0: Ball
2-0: Foul Ball, location: 2F
2-1: Ball
3-1: Foul Ball, location: 2F
3-2: 2-RUN HOME RUN (Flyball, 89XD), Distance : 379 ft
Batting: RHB Bob Lee 0-0: Ball
1-0: Reached on error, E5 (Groundball, 56S)
Batting: LHB Chris Smith 0-0: Called Strike
0-1: Ball
1-1: SINGLE (Line Drive, 7LM)
Bob Lee to second
Batting: RHB Hubert MacDonald 0-0: Called Strike
0-1: Fly out, F8 (Flyball, 8LD)
Runner from 2nd tags up, SAFE at 3rd, no throw
Batting: LHB Ken Bullard 0-0: Called Strike
0-1: Ball
Chris Smith steals 2nd base
1-1: Swinging Strike
1-2: SINGLE (Line Drive, 7S)
Bob Lee scores
Chris Smith to third
Runner from 3rd tries for Home, SAFE, no throw or cutoff
Pitching: RHP Vicente Pérez
Batting: RHB Glenn Rojas 0-0: Called Strike
0-1: Ball
1-1: Called Strike
1-2: Ball
Ken Bullard is caught stealing 2nd base
Top of the 9th over - 6 run(s), 5 hit(s), 1 error(s), 0 left on base; Georgetown 14 - Wake Forest 3
BOTTOM OF THE 9TH
Wake Forest Demon Deacons batting - Pitching for Georgetown Hoyas : RHP Brandon Lee
Batting: RHB Daniel Dillard 0-0: Ball
1-0: Ball
2-0: Ball
3-0: Called Strike
3-1: Base on Balls
Batting: RHB Ed Hamilton 0-0: SINGLE (Line Drive, 9LM)
Daniel Dillard to second
Batting: RHB Ronald Spencer 0-0: DOUBLE (Groundball, 5L)
Daniel Dillard scores
Ed Hamilton to third
Batting: RHB Ray Foley 0-0: Ball
1-0: Fly out, F7 (Flyball, 7M)
Runner from 3rd tags up, SCORES, throw made
Batting: LHB Michael Edwards 0-0: Swinging Strike
0-1: Ball
1-1: Ball
2-1: Called Strike
2-2: Foul Ball, location: 2F
2-2: Fly out, F8 (Flyball, 8LM)
Batting: SHB Dave Bell 0-0: Fly out, F6 (Popup, 6D)
Bottom of the 9th over - 2 run(s), 2 hit(s), 0 error(s), 1 left on base; Georgetown 14 - Wake Forest 5
Monday, December 5th, 2016 - OOTP Baseball 17.12 Build 75